 Dungeon Crawl Stone Soup version 0.31-a0-1010-g5322dac6a2 (webtiles) character file.

Game seed: 9366562355750844778

1077 protoss039 the Digger (level 8, 58/58 HPs)
             Began as a Demonspawn Earth Elementalist on Nov 16, 2023.
             Got out of the dungeon alive.
             The game lasted 00:12:56 (4428 turns).

protoss039 the Digger (DsEE)                        Turns: 4428, Time: 00:12:57

Health: 58/58      AC:  6    Str: 14    XL:     8   Next: 8%
Magic:  13/13      EV: 11    Int: 18    God:
Gold:   210        SH:  0    Dex: 15    Spells: 5/14 levels left

rFire   . . .        c - +0 whip (elec)
rCold   . . .        (no shield)
rNeg    + . .        h - +0 ring mail
rPois   .            (helmet restricted)
rElec   .            k - +0 cloak
rCorr   .            (no gloves)
SInv    .            (no boots)
Will    .....        e - amulet of guardian spirit
Stlth   ++           b - +6 ring of strength
HPRegen 0.29/turn    s - ring of positive energy
MPRegen 0.26/turn

%: guardian spirit
@: no status effects
A: claws 1, horns 1, powered by death 2, magic regeneration, weakness stinger 1
a: no special abilities


You escaped.
You visited 1 branch of the dungeon, and saw 5 of its levels.
You also visited: Ossuary.

You collected 258 gold pieces.
You spent 48 gold pieces at shops.

Inventory:

Hand Weapons
 c - a +0 whip of electrocution (weapon)
 g - a +2 dagger of draining
 m - a +2 dagger of venom
Armour
 h - a +0 ring mail (worn)
 k - a +0 cloak (worn)
Jewellery
 b - a +6 ring of strength (left claw)
 e - an amulet of guardian spirit (around neck)
 s - a ring of positive energy (right claw)
Scrolls
 f - a scroll of teleportation
 i - a scroll of immolation
 j - a scroll of identify
 o - a scroll of fear
 p - 2 scrolls of amnesia
Potions
 a - 4 potions of heal wounds
 d - 3 potions of curing
 l - a potion of berserk rage {unknown}
 n - 3 potions of might
 q - a potion of cancellation {unknown}
 r - a potion of brilliance {unknown}
 t - a potion of magic
 u - a potion of lignification {unknown}
 w - a potion of haste {unknown}
 x - a potion of ambrosia {unknown}
 z - a potion of mutation {unknown}


   Skills:
 + Level 3.5 Fighting
 - Level 3.0 Short Blades
 * Level 2.3 Armour
 - Level 3.0 Dodging
 - Level 3.0 Stealth
 + Level 3.8 Spellcasting
 - Level 3.0 Conjurations
 * Level 1.4 Transmutations
 * Level 1.1 Air Magic
 + Level 4.0 Earth Magic


You had 5 spell levels left.
You knew the following spells:

 Your Spells              Type           Power      Damage    Failure   Level
a - Sandblast             Erth           36%        2d10      5%          1
b - Passwall              Tmut/Erth      10%        N/A       14%         2
c - Stone Arrow           Conj/Erth      32%        3d9       22%         3
d - Swiftness             Air            7%         N/A       50%         3

Your spell library contained the following spells:

 Spells                   Type           Power      Damage    Failure   Level
 Shock                    Conj/Air       40%        1d5       13%         1
 Apportation              Tloc           6%         N/A       30%         1
 Necrotise                Necr           12%        1d4       30%         1
 Summon Small Mammal      Summ           12%        N/A       30%         1
 Hailstorm                Conj/Ice       8%         3d4       43%         3
 Brom's Barrelling Bould  Conj/Erth      16%        2d4       56%         4
 Gell's Gravitas          Tloc           3%         N/A       65%         3
 Teleport Other           Tloc           3%         N/A       65%         3
 Petrify                  Tmut/Erth      13%        N/A       67%         4
 Airstrike                Air            3%         2d(1-17)  88%         4
 Summon Ice Beast         Ice/Summ       3%         N/A       96%         4
 Dispersal                Tloc           1%         N/A       100%        6
 Simulacrum               Ice/Necr       1%         N/A       100%        6


Dungeon Overview and Level Annotations

Branches:
Dungeon (5/15) Zot: 25873 Ossuary (visited)
 Temple: D:4-7

Altars:
Okawaru

Shops:
D:3 ?


Innate Abilities, Weirdness & Mutations

You have sharp fingernails.
You have a pair of small horns on your head.
You regenerate health from kills.
You regenerate magic rapidly.
You have a small tail.


Message History

You hit the ice beast. You headbutt the ice beast.
The ice beast is heavily wounded.
The ice beast hits you. The ice beast freezes you!
You hit the ice beast but do no damage. You headbutt the ice beast.
The ice beast is heavily wounded.
The ice beast barely misses you.
The ice beast hits you but does no damage.
You hit the ice beast but do no damage.
You headbutt the ice beast, but do no damage.
Your claw misses the ice beast.
The ice beast is heavily wounded.
The ice beast hits you. The ice beast freezes you!
You hit the ice beast but do no damage.
The ice beast is heavily wounded.
The ice beast barely misses you.
You hit the ice beast but do no damage.
Lightning courses through the ice beast!
You kill the ice beast!
Your Air Magic skill increases to level 1!
You have reached level 8!
You feel agile.
Your demonic ancestry asserts itself...
You grow a small tail.
What level of the Dungeon? (default 4, ? - help)
You see here 8 stones.
Magic restored.
There is a stone staircase leading up here.
You climb upwards.
There is a stone staircase leading down here.
There is a stone staircase leading up here.
You climb upwards.
There is a stone staircase leading down here.
There is a stone staircase leading up here.
You climb upwards.
There is a stone staircase leading down here.
You see here a +0 dagger.
There is an open door here.
HP restored.
There is an open door here.
There is a staircase leading out of the dungeon here.
You have escaped!

##### ##...# ##....#
#.(.... ##..%...
##### #.......
#.@.## ####.#.....
###...## #..#.#.....
#>##...# ##.#.##....
#~.#...###........#.
#~.##...###.#.###.#.
#~~.#...###.#.......
#≈≈~##...##.#####'##
#≈≈≈~'...'..# ##...#
#≈~~##...#..###.....


There were no monsters in sight!

Vanquished Creatures
  An ice beast (D:4)
  A black bear (D:5)
  3 scorpions
  4 water moccasin zombies (Ossuary)
  An orc priest (D:3)
  Jessica (D:2)
  3 iguanas
  An orc wizard (D:5)
  2 mummies (Ossuary)
  4 adders
  7 gnolls
  2 white imps (D:5)
  7 adder zombies (Ossuary)
  3 worms
  4 dart slugs
  15 orcs
  13 ball pythons
  7 endoplasms
  6 giant cockroaches
  8 hobgoblins
  9 jackals
  12 kobolds
  2 quokkas (D:4)
  7 bats
  3 frilled lizards
  5 gnoll zombies (Ossuary)
  10 goblins
  3 hobgoblin zombies (Ossuary)
  5 kobold zombies (Ossuary)
  5 orc zombies (Ossuary)
  9 rats
163 creatures vanquished.

Notes
Turn   | Place    | Note
-------+----------+-------------------------------------------
     0 | D:1      | protoss039 the Demonspawn Earth Elementalist began the
                  | quest for the Orb.
     0 | D:1      | Reached XP level 1. HP: 13/13 MP: 3/3
   210 | D:1      | Discovered your monstrous ancestry.
   210 | D:1      | Gained mutation: You have sharp fingernails. [demonic
                  | ancestry]
   210 | D:1      | Reached XP level 2. HP: 20/20 MP: 3/5
   357 | D:1      | Reached skill level 1 in Fighting
   441 | D:1      | Reached skill level 3 in Earth Magic
   966 | D:1      | Gained mutation: You regenerate a little health from kills.
                  | [demonic ancestry]
   966 | D:1      | Reached XP level 3. HP: 26/26 MP: 6/6
  1205 | D:2      | Found a faded altar of an unknown god.
  1302 | D:2      | Noticed Jessica
  1304 | D:2      | Killed Jessica
  1305 | D:2      | Gained mutation: You regenerate health from kills. [demonic
                  | ancestry]
  1305 | D:2      | Reached XP level 4. HP: 26/33 MP: 4/8
  1306 | D:2      | Reached skill level 1 in Short Blades
  1434 | D:2      | HP: 1/33 [gnoll/+4 halberd (9)]
  1547 | D:1      | Learned a level 2 spell: Passwall
  1551 | D:1      | Learned a level 3 spell: Stone Arrow
  1646 | D:2      | Gained mutation: You regenerate magic rapidly. [demonic
                  | ancestry]
  1646 | D:2      | Reached XP level 5. HP: 38/38 MP: 2/9
  2461 | D:3      | Found Eqaoce's Magic Scroll Shop.
  2472 | D:3      | Bought a scroll of fear for 48 gold pieces
  2676 | D:3      | Found an iron altar of Okawaru.
  2824 | D:4      | Reached skill level 1 in Conjurations
  2827 | D:4      | Gained mutation: You have a pair of small horns on your
                  | head. [demonic ancestry]
  2827 | D:4      | Reached XP level 6. HP: 46/46 MP: 1/10
  3576 | D:5      | Entered Level 5 of the Dungeon
  3667 | D:5      | Noticed an ice beast
  3668 | D:5      | Identified the +2 leather armour of the Everdark {Harm Fly
                  | rN+++ Int-2}
  3770 | D:5      | Reached skill level 1 in Armour
  3770 | D:5      | Reached XP level 7. HP: 37/51 MP: 8/12
  3846 | D:5      | Found a sand-covered staircase.
  3872 | Ossuary  | Entered an ossuary
  4221 | D:5      | Learned a level 3 spell: Swiftness
  4251 | D:5      | Reached skill level 1 in Transmutations
  4251 | D:5      | Reached skill level 4 in Earth Magic
  4267 | D:4      | Reached skill level 1 in Air Magic
  4267 | D:4      | Gained mutation: You have a small tail. [demonic ancestry]
  4267 | D:4      | Reached XP level 8. HP: 22/58 MP: 3/13
  4428 | D:$      | Got out of the dungeon alive.

Illustrated notes

Levels and vault maps discovered:
D:1:      evilmike_arrival_crescent, layout_loops_corners
D:2:      layout_rooms, hellmonk_ecumenical_altar_blasted, uniq_jessica
D:3:      layout_loops_ring, amcnicky_altar_gilded, serial_shops, shop_fountains
D:4:      layout_basic
D:5:      layout_rooms, chequers_ossuary_entry_cave, serial_demonic,
          serial_demonic_g, serial_demonic_f, serial_demonic_g, serial_demonic_c

Skill      XL: |  1  2  3  4  5  6  7 |
---------------+----------------------+-----
Fighting       | 1 2 3 |  3.5
Earth Magic    | 3 4 |  4.0
Stealth        | 2 3 |  3.0
Short Blades   | 1 2 3 |  3.0
Spellcasting   | 3 |  3.8
Conjurations   | 1 2 3 |  3.0
Dodging        | 2 3 |  3.0
Armour         | 1 2 |  2.3
Transmutations | 1 |  1.4
Air Magic      | 1 |  1.1

Action                     |  1- 3 |  4- 6 |  7- 9 || total
---------------------------+-------+-------+-------++-------
  Melee: Short sword       |     5 |       |       ||     5
         Dagger            |    34 |   178 |     1 ||   213
         Punch             |       |     3 |     2 ||     5
         Headbutt          |       |    14 |    23 ||    37
         Whip              |       |       |   122 ||   122
   Cast: Sandblast         |    27 |    62 |    22 ||   111
         Stone Arrow       |       |     2 |     8 ||    10
    Use: Scroll            |     1 |     5 |     4 ||    10
         Potion            |       |     2 |     1 ||     3
   Stab: Sleeping          |     1 |     5 |     1 ||     7
 Armour: Robe              |    17 |       |       ||    17
         Ring mail         |    15 |   128 |    75 ||   218
  Dodge: Dodged            |    31 |   123 |    71 ||   225

Table legend: (Time is in decaauts)
 A = Elapsed time spent in this place.
 B = Non-inter-level travel time spent in this place.
 C = Inter-level travel time spent in this place.
 D = Time resting spent in this place.
 E = Time spent auto-exploring this place.
 F = Levels seen in this place.
 G = Mean time per level.
                   A        B        C        D        E       F      G
               +--------+--------+--------+--------+--------+-----+--------+
         Total |   4483 |   4103 |    380 |    209 |   2566 |   6 |  747.2 |
       Dungeon |   4126 |   3746 |    380 |    135 |   2566 |   5 |  825.2 |
       Ossuary |    357 |    357 |      0 |     74 |      0 |   1 |  357.0 |
               +--------+--------+--------+--------+--------+-----+--------+

Top non-repeatable levels by time:
     D:1: 1461 daAuts
     D:4: 852 daAuts
     D:3: 733 daAuts
     D:2: 727 daAuts
 Ossuary: 357 daAuts
     D:5: 351 daAuts
